AoeStats
← Phina7x

African Clearing

510494069Analyzed
2v2 RM · 12h ago on Oct 1, 2026· 54m 31s· 4 players
Game mode
Random Map
Map size
Medium (4 player)
Population
200
Speed
Normal
Resources
Standard
Victory
Conquest
Starting age
Dark Age
Ending age
Imperial Age
RankedLock teamsTeams togetherTeam positionsShared explorationLock speedFull tech treeHidden civsTurbo modeCheats
Victory
Defeat
🇵🇰 Mongols · Pakistan
954
+14
🇨🇿 Franks · Czechia
908
+35
🇦🇷 Poles · Argentina
905
-15
🇨🇱 Chinese · Chile
899
-15
Brabcak
13:56 Feudal Age
15:25 Wheelbarrow
14:38 Double-Bit Axe
22:10 Castle Age
22:57 Forging
23:15 Scale Barding Armor
23:09 Light Cavalry
27:21 Iron Casting
28:56 Chain Barding Armor
30:33 Hand Cart
32:04 Husbandry
39:37 Imperial Age
38:06 Scale Mail Armor
38:15 Padded Archer Armor
39:11 Gold Mining
39:37 Bow Saw
39:53 Cavalier
40:45 Chivalry
41:48 Stone Mining
42:34 Gold Shaft Mining
42:04 Paladin
45:48 Plate Barding Armor
46:20 Blast Furnace
47:06 Elite Throwing Axeman
51:11 Caravan
52:56 Coinage
54:53 Banking
54:42 Chain Mail Armor
titan_oranos
5:45 Loom
14:50 Feudal Age
15:55 Double-Bit Axe
19:02 Stone Mining
23:28 Gold Mining
26:50 Castle Age
25:43 Horse Collar
29:58 Gold Shaft Mining
30:09 Wheelbarrow
30:22 Ballistics
30:28 Bow Saw
30:25 Heavy Plow
30:27 Murder Holes
33:35 Town Watch
34:15 Forging
33:58 Fletching
34:42 Bodkin Arrow
36:07 Padded Archer Armor
37:29 Stone Shaft Mining
37:21 Leather Archer Armor
37:35 Hand Cart
38:17 Fortified Wall
38:19 Masonry
38:57 Town Patrol
42:35 Imperial Age
41:25 Husbandry
41:36 Bloodlines
43:02 Elite Steppe Lancer
44:05 Drill
44:35 Conscription
43:42 Capped Ram
44:27 Bracer
44:38 Forging
44:36 Scale Barding Armor
45:29 Siege Ram
46:18 Siege Engineers
47:15 Chemistry
46:05 Elite Mangudai
46:16 Elite Mangudai
El_Gusano
3:13 Loom
15:21 Feudal Age
21:11 Castle Age
19:55 Double-Bit Axe
22:03 Fletching
22:13 Padded Archer Armor
25:18 Bow Saw
26:00 Wheelbarrow
26:16 Stone Mining
26:19 Gold Mining
28:13 Hand Cart
29:27 Ballistics
30:37 Stone Shaft Mining
30:38 Gold Shaft Mining
31:04 Pikeman
33:20 Bodkin Arrow
33:40 Leather Archer Armor
34:59 Horse Collar
37:01 Thumb Ring
36:51 Town Watch
37:24 Heavy Plow
40:49 Imperial Age
41:10 Caravan
40:50 Elite Chu Ko Nu
41:52 Conscription
42:03 Bracer
43:30 Chemistry
43:37 Ring Archer Armor
53:35 Elite Skirmisher
Phina7x
7:16 Loom
15:53 Feudal Age
17:59 Horse Collar
21:31 Castle Age
23:07 Fletching
23:30 Forging
27:42 Heavy Plow
28:45 Scale Mail Armor
29:12 Squires
29:08 Pikeman
37:37 Iron Casting
37:18 Chain Mail Armor
39:01 Caravan
43:13 Imperial Age
40:41 Double-Bit Axe
43:12 Wheelbarrow
44:29 Conscription
44:33 Bow Saw
45:42 Bloodlines
45:33 Husbandry
45:20 Light Cavalry
47:42 Szlachta Privileges
47:58 Lechitic Legacy
47:47 Man-at-Arms
48:16 Arson
48:17 Elite Obuch
49:51 Scale Barding Armor
51:40 Winged Hussar
54:05 Blast Furnace
Connection lost

Rejoining the realm…

Still unreachable

The connection could not be restored.

Session expired

The server has moved on; the page needs a fresh start.